 Dungeon Crawl Stone Soup version 0.27-a0-1105-g946c659c87 (webtiles) character file.

Game seed: 466300743958151799

567 kae the Chopper (level 7, -4/61 HPs)
             Began as a Hill Orc Fighter on Apr 29, 2021.
             Was an Initiate of Qazlal.
             Slain by a water moccasin (7 damage)
             ... on level 5 of the Dungeon.
             The game lasted 00:03:43 (5639 turns).

kae the Chopper (Hill Orc Fighter)                  Turns: 5639, Time: 00:03:43

Health: -4/61      AC:  9    Str: 21    XL:     7   Next: 33%
Magic:  9/9        EV:  7    Int:  8    God:    Qazlal [......]
Gold:   72         SH:  9    Dex: 10    Spells: 6/6 levels left

rFire    . . .     SeeInvis .   a - +0 war axe
rCold    . . .     Faith    .   c - +0 kite shield
rNeg     . . .     Spirit   .   b - +0 scale mail
rPois    .         Reflect  .   (no helmet)
rElec    .         Harm     .   e - +1 cloak
rCorr    .         Rampage  .   (no gloves)
Will     .....                  (no boots)
Stlth    ..........             (no amulet)
HPRegen  0.20/turn              (no ring)
MPRegen  0.11/turn              (no ring)

@: lethally poisoned (-4 -> -9)
A: no striking features
a: Renounce Religion


You were on level 5 of the Dungeon.
You worshipped Qazlal.
Qazlal was noncommittal.
You visited 1 branch of the dungeon, and saw 5 of its levels.

You collected 200 gold pieces.
You spent 128 gold pieces at shops.

Inventory:

Hand Weapons
 a - a +0 war axe (weapon)
Missiles
 f - 6 curare-tipped darts (quivered)
Armour
 b - a +0 scale mail (worn)
 c - a +0 kite shield (worn)
 e - a +1 cloak (worn)
Wands
 h - a wand of acid (7)
Scrolls
 g - 4 scrolls of identify
Potions
 d - a potion of might
 i - a potion of berserk rage
 j - a potion of curing {unknown}


   Skills:
 + Level 5.6 Fighting
 * Level 7.1 Axes
 + Level 5.0 Armour
 - Level 3.2 Shields
 + Level 3.0 Invocations


You had 6 spell levels left.
You didn't know any spells.
Your spell library contained the following spells:

 Spells                   Type           Power      Damage    Failure   Level
 Magic Dart               Conj           0%         1d3       99%         1
 Searing Ray              Conj           0%         3d3       100%        2
 Confusing Touch          Hex            0%         N/A       100%        3
 Dazzling Flash           Conj/Hex       0%         N/A       100%        3
 Gell's Gravitas          Tloc           0%         N/A       100%        3
 Fulminant Prism          Conj/Hex       0%         3d6       100%        4
 Iskenderun's Mystic Bla  Conj/Tloc      0%         2d3       100%        4
 Petrify                  Tmut/Erth      0%         N/A       100%        4
 Metabolic Englaciation   Hex/Ice        0%         N/A       100%        5
 Yara's Violent Unravell  Hex/Tmut       0%         3d3       100%        5


Dungeon Overview and Level Annotations

Branches:
Dungeon (5/15)
 Temple: D:4-7

Altars:
Cheibriados
Kikubaaqudgha
Qazlal
Uskayaw

Shops:
D:3 [[?([   D:4 :?[?[


Message History

The water moccasin bites you. You block the orc's attack.
There are monsters nearby!
You closely miss the water moccasin.
The water moccasin is moderately wounded.
You slash the orc!
You kill the orc!
Qazlal accepts your kill.
You feel very sick. The water moccasin bites you!
You are more poisoned.
The water moccasin poisons you!
The water moccasin bites you but does no damage.
You are too injured to fight recklessly!
A water moccasin is nearby!
You are too injured to fight recklessly!
You are too injured to fight recklessly!
You are too injured to fight recklessly!
You are too injured to fight recklessly!
You are too injured to fight recklessly!
You are too injured to fight recklessly!
You closely miss the water moccasin.
The water moccasin is moderately wounded.
You feel very sick. The water moccasin closely misses you.
The water moccasin bites you.
You miss the water moccasin.
The water moccasin is moderately wounded.
You feel very sick. You block the water moccasin's attack.
The water moccasin bites you but does no damage.
You slash the water moccasin!
The water moccasin is severely wounded.
You feel very sick. You block the water moccasin's attack.
The water moccasin bites you!
* * * LOW HITPOINT WARNING * * *
You closely miss the water moccasin.
The water moccasin is severely wounded.
You feel sick. The water moccasin bites you!
* * * LOW HITPOINT WARNING * * *
The water moccasin bites you!
You die...

.# #.##
#.. ...
#.# #.#
###.#
#..S#
#.#@#
#.#)#
#.#..
#.####
#.###
#...#
###.#
#>#
#.##.##


You could see a water moccasin.

Vanquished Creatures
  2 ogres (D:5)
  A water moccasin zombie (D:3)
  A hound (D:4)
  An orc priest (D:3)
  An iguana (D:3)
  A hound skeleton (D:4)
  7 adders
  8 gnolls
  A shadow imp (D:5)
  An ufetubus (D:5)
  An adder skeleton (D:4)
  3 dart slugs (D:2)
  10 orcs
  4 ball pythons
  8 endoplasms
  2 giant cockroaches (D:3)
  8 goblins
  3 hobgoblins
  4 jackals (D:3)
  A quokka (D:1)
  4 bats
  2 frilled lizards
  3 kobolds
  4 rats
81 creatures vanquished.

Vanquished Creatures (others)
  10 plants (D:2)
10 creatures vanquished.

Grand Total: 91 creatures vanquished

Notes
Turn   | Place    | Note
-------+----------+-------------------------------------------
     0 | D:1      | kae the Hill Orc Fighter began the quest for the Orb.
     0 | D:1      | Reached XP level 1. HP: 19/19 MP: 1/1
   197 | D:1      | Reached skill level 3 in Axes
   273 | D:1      | Reached XP level 2. HP: 20/27 MP: 2/2
   809 | D:2      | Reached XP level 3. HP: 24/33 MP: 3/3
  1147 | D:2      | Reached skill level 4 in Axes
  1501 | D:2      | Reached XP level 4. HP: 39/40 MP: 4/4
  2717 | D:3      | Reached skill level 5 in Axes
  2772 | D:3      | Reached XP level 5. HP: 45/47 MP: 5/5
  2813 | D:3      | Found an ancient bone altar of Kikubaaqudgha.
  2827 | D:3      | Found a snail-covered altar of Cheibriados.
  2830 | D:3      | Found a stormy altar of Qazlal.
  2833 | D:3      | Found a hide-covered altar of Uskayaw.
  3059 | D:3      | Became a worshipper of Qazlal Stormbringer
  3117 | D:3      | Found Ijoub's Antique Armour Boutique.
  3414 | D:3      | Found Baip's Weapon Boutique.
  3421 | D:3      | Found Voroebleote's Magic Scroll Shoppe.
  3426 | D:3      | Bought a scroll of identify for 28 gold pieces
  3426 | D:3      | Bought a scroll of identify for 28 gold pieces
  3426 | D:3      | Bought a scroll of identify for 28 gold pieces
  3683 | D:3      | Found Iptueps's Antique Armour Shoppe.
  3714 | D:3      | Reached skill level 1 in Invocations
  3811 | D:3      | Found Jenoew's Armour Emporium.
  3908 | D:3      | Reached skill level 5 in Fighting
  3908 | D:3      | Reached XP level 6. HP: 49/56 MP: 5/7
  4127 | D:3      | Reached skill level 6 in Axes
  4324 | D:4      | Found Wealei's Magic Scroll Shoppe.
  4348 | D:4      | Bought a scroll of identify for 20 gold pieces
  4487 | D:4      | Found Ihoraiq's Armour Emporium.
  4895 | D:4      | Found Jagec's Armour Boutique.
  5081 | D:4      | Found Otackece's Magic Scroll Emporium.
  5086 | D:4      | Bought a scroll of identify for 24 gold pieces
  5113 | D:4      | Found Jubih's Book Boutique.
  5146 | D:5      | Entered Level 5 of the Dungeon
  5301 | D:5      | Reached XP level 7. HP: 16/61 MP: 8/8
  5554 | D:5      | Reached skill level 7 in Axes
  5554 | D:5      | Reached skill level 5 in Armour
  5639 | D:5      | HP: 3/61 [water moccasin (7)]
  5639 | D:5      | Slain by a water moccasin

Illustrated notes

Levels and vault maps discovered:
D:1:      lightli_arrival_statuegarden, layout_basic, minmay_misc_feat_rows
D:2:      layout_basic, chequers_big_river
D:3:      layout_loops_corners, grunt_temple_overflow_cloverleaf, serial_shops,
          nicolae_shop_crystal, nicolae_shop_competitors_out_of_business,
          nicolae_shop_statue_plus, shop, shop
D:4:      layout_gridville, serial_shops, shop, shop, shop,
          nicolae_shop_temple_entry_statues_fountains, shop
D:5:      layout_loops_ring, serial_shops, kennysheep_mini, grunt_ministairs_8,
          sigmund_army, uniq_edmund, uniq_blork_the_orc, uniq_menkaure

Skill      XL: |  1  2  3  4  5  6  7 |
---------------+----------------------+-----
Axes           | 3 4 5 6 7 |  7.1
Fighting       | 4 5 |  5.6
Armour         | 4 5 |  5.0
Invocations    | 1 2 3 |  3.0
Shields        | |  3.2

Action                   |  1- 3 |  4- 6 |  7- 9 || total
-------------------------+-------+-------+-------++-------
Melee: War axe           |    84 |   167 |    15 ||   266
Evoke: Wand              |       |     1 |       ||     1
  Use: Scroll            |     1 |     4 |       ||     5
       Potion            |     1 |       |       ||     1
Armor: Scale mail        |    59 |   118 |     5 ||   182
Dodge: Dodged            |    37 |    81 |     5 ||   123
Block: Kite shield       |    64 |   124 |    10 ||   198

Table legend: (Time is in decaauts)
 A = Elapsed time spent in this place.
 B = Non-inter-level travel time spent in this place.
 C = Inter-level travel time spent in this place.
 D = Time resting spent in this place.
 E = Time spent auto-exploring this place.
 F = Levels seen in this place.
 G = Mean time per level.
                   A        B        C        D        E       F      G
               +--------+--------+--------+--------+--------+-----+--------+
         Total |   5791 |   5648 |    143 |    660 |   4237 |   5 | 1158.2 |
       Dungeon |   5791 |   5648 |    143 |    660 |   4237 |   5 | 1158.2 |
               +--------+--------+--------+--------+--------+-----+--------+

Top non-repeatable levels by time:
     D:3: 1659 daAuts
     D:2: 1470 daAuts
     D:1: 1293 daAuts
     D:4: 863 daAuts
     D:5: 503 daAuts
